 Dungeon Crawl Stone Soup version 0.21.1-1-g345015f (webtiles) character file.

42039 becky1 the Fighter (level 14, -15/111 HPs)
             Began as a Gnoll Abyssal Knight on Feb 6, 2018.
             Was the Champion of Lugonu.
             Demolished by Agnes
             ... wielding a +4 lajatang of pain
              (17 damage)
             ... on level 15 of the Dungeon.
             The game lasted 00:35:12 (18704 turns).

becky1 the Fighter (Gnoll Abyssal Knight)          Turns: 18704, Time: 00:35:13

Health: -15/111    AC: 10    Str: 17    XL:     14   Next: 18%
Magic:  29/29      EV: 18    Int: 17    God:    Lugonu [******]
Gold:   545        SH: 11    Dex: 26    Spells: 30/30 levels left

rFire    + . .     SeeInvis .   w - +10 short sword of Afraet {elec, rElec rF+ Dex+3}
rCold    . . .     Gourm    .   M - +3 warlock's mirror {reflect}
rNeg     . . .     Faith    .   v - +2 scale mail of Shielding {Dex+5}
rPois    .         Spirit   .   (no helmet)
rElec    +         Reflect  +   (no cloak)
rCorr    .         Harm     .   (no gloves)
MR       +....                  (no boots)
Stlth    ++++......             (no amulet)
HPRegen  0.28/turn              t - ring of stealth
MPRegen  0.21/turn              Q - +3 ring of intelligence

@: no status effects
A: distributed training, fangs 1, high mp 1, sturdy frame 1, strong nose
a: Depart the Abyss, Bend Space, Banish, Corrupt, Enter the Abyss, Brand Weapon
With Distortion, Renounce Religion


You were on level 15 of the Dungeon.
You worshipped Lugonu.
Lugonu was exalted by your worship.
You were not hungry.

You visited 1 branch of the dungeon, and saw 15 of its levels.
You visited the Abyss 1 time.
You also visited: Sewer.

You collected 929 gold pieces.
You spent 384 gold pieces at shops.

Inventory:

Hand Weapons
 e - a +0 lajatang
 u - a +0 broad axe
 w - the +10 short sword of Afraet (weapon) {elec, rElec rF+ Dex+3}
   (You found it on level 6 of the Dungeon)

   Occasionally, upon striking a foe, it will discharge some electrical energy
   and cause terrible harm.
   It affects your dexterity (+3).
   It protects you from fire.
   It insulates you from electricity.
 D - a +4 quarterstaff of chaos
 G - the +2 falchion of the Wilderness {holy, +Inv}
   (You bought it in a shop on level 4 of the Dungeon)

   It has been blessed by the Shining One to cause great damage to the undead
   and demons.
   It lets you turn invisible.
Armour
 v - the +2 scale mail of Shielding (worn) {Dex+5}
   (You bought it in a shop on level 4 of the Dungeon)

   It affects your dexterity (+5).
 M - the +3 warlock's mirror (worn) {reflect}
   (You found it on level 10 of the Dungeon)
Jewellery
 t - a ring of stealth (left hand)
 L - an uncursed ring of protection from fire
 Q - a +3 ring of intelligence (right hand)
 R - an uncursed ring of stealth
Wands
 g - a wand of paralysis (1)
 o - a wand of flame (47)
 y - a wand of random effects (66)
 J - a wand of polymorph (12)
 O - a wand of iceblast (7)
Scrolls
 d - 11 scrolls of teleportation
 f - 18 scrolls of identify
 h - 4 scrolls of immolation {unknown}
 i - 3 scrolls of enchant weapon {unknown}
 k - 3 scrolls of fog
 l - 3 scrolls of blinking {unknown}
 m - 2 scrolls of enchant armour {unknown}
 p - 2 scrolls of fear {unknown}
 q - 7 scrolls of amnesia {unknown}
 x - 2 scrolls of noise {unknown}
 A - 4 scrolls of magic mapping
 C - 3 scrolls of remove curse
 U - 2 scrolls of vulnerability {unknown}
Potions
 b - 2 potions of agility
 j - 4 potions of curing
 r - 4 potions of flight
 s - a potion of heal wounds
 z - a potion of might
 B - 2 potions of mutation
 E - 3 potions of haste
 H - 2 potions of ambrosia {unknown}
 I - a potion of cancellation {unknown}
 T - a potion of resistance {unknown}
 V - a potion of invisibility {unknown}
 W - a potion of magic {unknown}
Books
 n - a book of Cantrips

   Spells                             Type                      Level
   a - Confusing Touch                Hexes                        1
   b - Animate Skeleton               Necromancy                   1
   c - Summon Small Mammal            Summoning                    1
   d - Apportation                    Translocation                1
 F - a book of Necromancy

   Spells                             Type                      Level
   a - Pain                           Necromancy                   1
   b - Animate Skeleton               Necromancy                   1
   c - Vampiric Draining              Necromancy                   3
   d - Regeneration                   Charms/Necromancy            3
   e - Animate Dead                   Necromancy                   4
   f - Borgnjor's Vile Clutch         Necromancy/Earth             5
 P - a book of Party Tricks

   Spells                             Type                      Level
   a - Summon Butterflies             Summoning                    1
   b - Apportation                    Translocation                1
   c - Lesser Beckoning               Translocation                3
   d - Tukima's Dance                 Hexes                        3
   e - Alistair's Intoxication        Transmutation/Poison         5
   f - Invisibility                   Hexes                        6
 S - a book of Minor Magic

   Spells                             Type                      Level
   a - Magic Dart                     Conjuration                  1
   b - Blink                          Translocation                2
   c - Call Imp                       Summoning                    2
   d - Slow                           Hexes                        2
   e - Conjure Flame                  Conjuration/Fire             3
   f - Mephitic Cloud                 Conjuration/Poison/Air       3
Comestibles
 c - 23 rations


   Skills:
 + Level 10.9 Fighting
 + Level 8.8 Short Blades
 + Level 8.8 Long Blades
 + Level 10.0 Axes
 + Level 8.8 Maces & Flails
 + Level 8.8 Polearms
 + Level 8.8 Staves
 + Level 8.8 Slings
 + Level 8.8 Bows
 + Level 8.8 Crossbows
 + Level 8.8 Throwing
 + Level 10.0 Armour
 + Level 9.2 Dodging
 + Level 8.8 Stealth
 + Level 8.8 Shields
 + Level 8.8 Unarmed Combat
 + Level 8.8 Spellcasting
 + Level 7.3 Conjurations
 + Level 7.3 Hexes
 + Level 7.3 Charms
 + Level 7.3 Summonings
 + Level 7.3 Necromancy
 + Level 7.3 Translocations
 + Level 7.3 Transmutations
 + Level 7.3 Fire Magic
 + Level 7.3 Ice Magic
 + Level 7.3 Air Magic
 + Level 7.3 Earth Magic
 + Level 7.3 Poison Magic
 + Level 10.6 Invocations
 + Level 8.8 Evocations


You had 30 spell levels left.
You didn't know any spells.

Dungeon Overview and Level Annotations

Branches:
Dungeon (15/15)            Temple (0/1) D:5            Lair (0/6) D:11
    Orc (0/2) D:10         Vaults (0/5) D:14
 Depths: D:15

Altars:
Ashenzari
Dithmenos
Gozag
Kikubaaqudgha
Nemelex Xobeh
Okawaru
Ru
Sif Muna
Wu Jian
Yredelemnul
Zin
The Shining One

Shops:
D:4 (**=(   D:9 [   D:12 *

Annotations:
D:5 2 transporters
D:6 2 transporters
D:15 Agnes


Innate Abilities, Weirdness & Mutations

Your experience applies equally to all skills.
You have very sharp teeth.
Your uncanny sense of smell can sniff out nearby items.
You have an increased reservoir of magic. (+10% MP)
Your movements are slightly less encumbered by armour. (ER -2)


Message History

Agnes is heavily wounded.
Agnes hits you with a lajatang of pain!
You writhe in agony.
You puncture Agnes!
Agnes is severely wounded.
You block Agnes's attack.
The orc knight shoots a bolt.
The bolt hits you!!
You hit Agnes. You bite Agnes, but do no damage.
Agnes is severely wounded.
Agnes misses you.
Evoke which item? (* to show all) (? for menu, Esc to quit)
Aiming: Corrosive Bolt
Press: ? - help, Shift-Dir - straight line, f - Agnes
Aim: Agnes, wielding a lajatang of pain and wearing a robe (severely wounded)
The bolt of acid misses Agnes.
The now-empty wand crumbles to dust.
Agnes hits you with a lajatang of pain!!
* * * LOW HITPOINT WARNING * * *
You writhe in agony.
* * * LOW HITPOINT WARNING * * *
The orc knight shoots a bolt.
The bolt barely misses you. Agnes hits you with a lajatang of pain!
You die...

#.......# #
#......)# ∆
..##.......#
#.......(.#
#..o.....#
#........#####.#
##.##..........#
#....)i#####
##..##@# ∆
∆∆∆∆##.##(# ∆
##.#.# ##.# #.#
∆∆∆∆ ..# ###
D...# .#
#....##.#


You could see Agnes and an orc knight.

Vanquished Creatures
  Rupert (D:15)
  The ghost of lux767 the Warrior, a journeyman DsFi of Okawaru (D:14)
  A fire dragon (D:15)
  Erolcha (D:11)
  3 hydras
  2 centaur warriors
  Fannar (D:11)
  An ogre mage (D:14)
  5 two-headed ogres
  The ghost of MrWiggles77 the Arsonist, a novice DrFE of Vehumet (D:9)
  A skeletal warrior (D:15)
  An unseen horror (D:12)
  12 wizards (D:10)
  7 ugly things
  2 manticores
  3 cyclopes
  A centaur zombie (D:13)
  A yaktaur (shapeshifter) (D:12)
  2 gargoyles (D:11)
  A komodo dragon (D:14)
  The ghost of Gryphonrising the Chopper, a novice GrFi (D:5)
  A freezing wraith (D:14)
  3 kobold demonologists
  A troll (D:12)
  3 hippogriffs
  2 hornets
  Prince Ribbit (D:6)
  A harpy skeleton (D:13)
  Sigmund (D:2)
  A vampire (D:13)
  2 wyverns
  10 yaks
  A steam dragon (D:11)
  A warg (D:15)
  Menkaure (D:6)
  2 water moccasins (D:11)
  9 orc warriors
  A porcupine (D:11)
  2 black bears (D:8)
  5 phantoms
  5 ice beasts
  5 sky beasts
  An eye of draining (D:11)
  8 ogres
  A necrophage (D:11)
  20 centaurs
  2 crocodiles (D:13)
  5 big kobolds
  A gnoll sergeant (D:10)
  10 bullfrogs
  4 scorpions
  33 killer bees
  5 howler monkeys
  3 wights (D:14)
  An electric eel (D:11)
  8 crimson imps
  A bullfrog zombie (D:11)
  A quasit (D:7)
  5 bullfrog skeletons
  8 jellies
  13 orc priests
  7 hounds
  12 orc wizards
  4 centaur skeletons
  Crazy Yiuf (D:7)
  Jessica (D:2)
  2 iguanas
  10 worker ants
  A killer bee zombie (D:6)
  A hound zombie (D:6)
  A hound skeleton (D:7)
  20 gnolls
  A river rat (Sewer)
  13 adders
  A shadow imp (D:5)
  8 oozes
  2 adder zombies
  3 adder skeletons
  2 worms
  3 dart slugs
  4 leopard geckos
  59 orcs
  2 ball pythons
  5 bats
  10 giant cockroaches
  12 goblins
  7 hobgoblins
  14 jackals
  19 kobolds
  7 quokkas
  3 frilled lizards
  A leopard gecko zombie (D:6)
  8 rats
481 creatures vanquished.

Vanquished Creatures (others)
  A centaur (D:11)
  2 fungi (D:11)
3 creatures vanquished.

Grand Total: 484 creatures vanquished

Notes
Turn   | Place    | Note
-------+----------+-------------------------------------------
     0 | Abyss:1  | becky1 the Gnoll Abyssal Knight began the quest for the Orb.
     0 | Abyss:1  | Reached XP level 1. HP: 23/23 MP: 3/3
    10 | Abyss:1  | Found a corrupted altar of Lugonu.
    56 | Abyss:1  | Noticed a wraith
    58 | Abyss:1  | Noticed a wretched star
    67 | Abyss:2  | Noticed a wretched star
    71 | D:1      | Escaped the Abyss
   100 | D:1      | Reached * piety under Lugonu
   295 | D:1      | Reached XP level 2. HP: 29/29 MP: 5/5
   522 | D:1      | Reached XP level 3. HP: 14/35 MP: 6/6
  1309 | D:2      | Noticed Sigmund
  1480 | D:1      | Gained mutation: You have an increased reservoir of magic. (+10% MP) [potion of mutation]
  1480 | D:1      | Gained mutation: Your movements are slightly less encumbered by armour. (ER -2) [potion of mutation]
  1688 | D:2      | Killed Sigmund
  1688 | D:2      | Reached skill level 1 in Short Blades
  1688 | D:2      | Reached skill level 1 in Long Blades
  1688 | D:2      | Reached skill level 1 in Maces & Flails
  1688 | D:2      | Reached skill level 1 in Polearms
  1688 | D:2      | Reached skill level 1 in Staves
  1688 | D:2      | Reached skill level 1 in Slings
  1688 | D:2      | Reached skill level 1 in Bows
  1688 | D:2      | Reached skill level 1 in Crossbows
  1688 | D:2      | Reached skill level 1 in Throwing
  1688 | D:2      | Reached skill level 1 in Stealth
  1688 | D:2      | Reached skill level 1 in Shields
  1688 | D:2      | Reached skill level 1 in Unarmed Combat
  1688 | D:2      | Reached skill level 1 in Spellcasting
  1688 | D:2      | Reached skill level 1 in Conjurations
  1688 | D:2      | Reached skill level 1 in Hexes
  1688 | D:2      | Reached skill level 1 in Charms
  1688 | D:2      | Reached skill level 1 in Summonings
  1688 | D:2      | Reached skill level 1 in Necromancy
  1688 | D:2      | Reached skill level 1 in Translocations
  1688 | D:2      | Reached skill level 1 in Transmutations
  1688 | D:2      | Reached skill level 1 in Fire Magic
  1688 | D:2      | Reached skill level 1 in Ice Magic
  1688 | D:2      | Reached skill level 1 in Air Magic
  1688 | D:2      | Reached skill level 1 in Earth Magic
  1688 | D:2      | Reached skill level 1 in Poison Magic
  1688 | D:2      | Reached skill level 1 in Evocations
  1688 | D:2      | Reached XP level 4. HP: 33/41 MP: 8/8
  1688 | D:2      | Reached XP level 5. HP: 38/47 MP: 9/9
  1733 | D:2      | Reached XP level 6. HP: 50/53 MP: 10/10
  1763 | D:2      | Reached skill level 5 in Invocations
  1766 | D:2      | Reached ** piety under Lugonu
  1784 | D:2      | Found a shattered altar of Ashenzari.
  2111 | D:2      | Noticed Jessica
  2125 | D:2      | Killed Jessica
  2799 | D:3      | Reached skill level 5 in Axes
  2799 | D:3      | Reached skill level 5 in Armour
  3248 | D:3      | Found a deep blue altar of Sif Muna.
  3248 | D:3      | Found a basalt altar of Yredelemnul.
  3487 | D:4      | Found Moskuisch's Antique Weapon Emporium.
  3512 | D:4      | Found an iron altar of Okawaru.
  3512 | D:4      | Found Bikk's Assorted Antiques.
  3548 | D:4      | Found a shattered altar of Ashenzari.
  3585 | D:4      | Found Wesmiall's Jewellery Shop.
  3617 | D:4      | Found Ruzor's Weapon Emporium.
  3634 | D:4      | Found a glowing drain.
  3679 | Sewer    | Entered a sewer
  3744 | Sewer    | Reached XP level 7. HP: 54/59 MP: 12/12
  3785 | Sewer    | Found a glowing silver altar of Zin.
  5043 | D:4      | Found March's Assorted Antiques.
  5191 | D:4      | Reached XP level 8. HP: 32/67 MP: 13/13
  5443 | D:4      | Reached *** piety under Lugonu
  5734 | D:5      | Entered Level 5 of the Dungeon
  5806 | D:5      | Found a staircase to the Ecumenical Temple.
  6101 | D:5      | Found a transporter.
  6118 | D:5      | Found a transporter.
  6185 | D:5      | Found a shadowy altar of Dithmenos.
  6211 | D:5      | Noticed Gryphonrising's ghost (novice GrFi)
  6260 | D:5      | Killed Gryphonrising's ghost
  6585 | D:5      | Found Uhey's Assorted Antiques.
  6763 | D:5      | Reached XP level 9. HP: 63/72 MP: 16/16
  7000 | D:4      | Bought a smoking scale mail for 180 gold pieces
  7000 | D:4      | Bought a scroll of teleportation for 60 gold pieces
  7010 | D:4      | Identified the +2 scale mail of Shielding {Dex+5} (You bought it in a shop on level 4 of the Dungeon)
  7137 | D:6      | Found an ornate altar of the Wu Jian Council.
  7149 | D:6      | Found a glowing silver altar of Zin.
  7233 | D:6      | Got an iridescent short sword
  7234 | D:6      | Identified the +10 short sword of Afraet {elec, rElec rF+ Dex+3} (You found it on level 6 of the Dungeon)
  7549 | D:6      | Reached skill level 5 in Dodging
  7595 | D:6      | Noticed Prince Ribbit
  7601 | D:6      | Killed Prince Ribbit
  7703 | D:6      | Reached **** piety under Lugonu
  7806 | D:6      | Found a transporter.
  7810 | D:6      | Noticed a kobold demonologist
  7823 | D:6      | Found a transporter.
  7929 | D:6      | Noticed Menkaure
  8316 | D:6      | Killed Menkaure
  8713 | D:7      | Reached XP level 10. HP: 67/80 MP: 18/18
  8772 | D:7      | Found a glowing golden altar of the Shining One.
  8943 | D:7      | Found a runed door.
  9257 | D:7      | Noticed Crazy Yiuf
  9264 | D:7      | Killed Crazy Yiuf
  9417 | D:8      | Found an ancient bone altar of Kikubaaqudgha.
  9538 | D:8      | Reached skill level 5 in Short Blades
  9538 | D:8      | Reached skill level 5 in Long Blades
  9538 | D:8      | Reached skill level 5 in Maces & Flails
  9538 | D:8      | Reached skill level 5 in Polearms
  9538 | D:8      | Reached skill level 5 in Staves
  9538 | D:8      | Reached skill level 5 in Slings
  9538 | D:8      | Reached skill level 5 in Bows
  9538 | D:8      | Reached skill level 5 in Crossbows
  9538 | D:8      | Reached skill level 5 in Throwing
  9538 | D:8      | Reached skill level 5 in Stealth
  9538 | D:8      | Reached skill level 5 in Shields
  9538 | D:8      | Reached skill level 5 in Unarmed Combat
  9538 | D:8      | Reached skill level 5 in Spellcasting
  9538 | D:8      | Reached skill level 5 in Evocations
  9566 | D:8      | Reached ***** piety under Lugonu
  9942 | D:8      | Found a sparkling altar of Nemelex Xobeh.
 10220 | D:4      | Bought a polished falchion for 144 gold pieces
 10220 | D:4      | Identified the +2 falchion of the Wilderness {holy, +Inv} (You bought it in a shop on level 4 of the Dungeon)
 10387 | D:9      | Noticed a brown ugly thing
 10398 | D:9      | Killed a brown ugly thing
 10423 | D:9      | Noticed a centaur warrior
 10433 | D:9      | HP: 2/82 [centaur warrior (5)]
 10434 | D:9      | Killed a centaur warrior
 10854 | D:9      | Noticed MrWiggles77's ghost (novice DrFE)
 10861 | D:9      | Killed MrWiggles77's ghost
 11247 | D:9      | Found Fyalim's Antique Armour Shop.
 11298 | D:9      | Reached XP level 11. HP: 77/87 MP: 21/21
 11539 | D:9      | Found a sacrificial altar of Ru.
 11598 | D:10     | Entered Level 10 of the Dungeon
 12171 | D:10     | Found a staircase to the Orcish Mines.
 12282 | D:10     | Noticed a wizard
 12292 | D:10     | Killed a wizard
 12292 | D:10     | Reached skill level 5 in Conjurations
 12292 | D:10     | Reached skill level 5 in Hexes
 12292 | D:10     | Reached skill level 5 in Charms
 12292 | D:10     | Reached skill level 5 in Summonings
 12292 | D:10     | Reached skill level 5 in Necromancy
 12292 | D:10     | Reached skill level 5 in Translocations
 12292 | D:10     | Reached skill level 5 in Transmutations
 12292 | D:10     | Reached skill level 5 in Fire Magic
 12292 | D:10     | Reached skill level 5 in Ice Magic
 12292 | D:10     | Reached skill level 5 in Air Magic
 12292 | D:10     | Reached skill level 5 in Earth Magic
 12292 | D:10     | Reached skill level 5 in Poison Magic
 12298 | D:10     | Noticed a wizard
 12314 | D:10     | Killed a wizard
 12315 | D:10     | Noticed a wizard
 12329 | D:10     | Killed a wizard
 12354 | D:10     | Noticed a wizard
 12368 | D:10     | Killed a wizard
 12371 | D:10     | Noticed a wizard
 12372 | D:10     | Killed a wizard
 12552 | D:10     | Noticed a wizard
 12557 | D:10     | Killed a wizard
 12567 | D:10     | Noticed a wizard
 12575 | D:10     | Killed a wizard
 12583 | D:10     | Noticed a wizard
 12586 | D:10     | Noticed a wizard
 12588 | D:10     | Noticed a wizard
 12600 | D:10     | Killed a wizard
 12604 | D:10     | Killed a wizard
 12607 | D:10     | Killed a wizard
 12837 | D:10     | Reached XP level 12. HP: 96/96 MP: 24/24
 12956 | D:10     | Paralysed by a wizard for 2 turns
 12988 | D:10     | Found the +3 warlock's mirror {reflect}
 13302 | D:11     | Noticed Fannar
 13335 | D:11     | Killed Fannar
 13337 | D:11     | Reached ****** piety under Lugonu
 13634 | D:11     | Found a staircase to the Lair.
 13899 | D:11     | Noticed Erolcha
 13905 | D:11     | Killed Erolcha
 14393 | D:12     | Noticed a four-headed hydra
 14410 | D:12     | Killed a four-headed hydra
 14410 | D:12     | Reached skill level 10 in Fighting
 14938 | D:12     | Reached XP level 13. HP: 98/103 MP: 27/27
 14979 | D:12     | Found Xeaw's Assorted Antiques.
 15519 | D:13     | Found an opulent altar of Gozag.
 15862 | D:13     | Reached skill level 10 in Invocations
 16525 | D:14     | Noticed lux767's ghost (journeyman DsFi)
 16871 | D:14     | Killed lux767's ghost
 17552 | D:14     | Found a gate to the Vaults.
 18045 | D:15     | Entered Level 15 of the Dungeon
 18049 | D:15     | Noticed Rupert
 18063 | D:15     | Killed Rupert
 18063 | D:15     | Reached XP level 14. HP: 75/111 MP: 29/29
 18681 | D:14     | You fall through a shaft!
 18681 | D:15     | Noticed Agnes
 18698 | D:15     | Reached skill level 10 in Axes
 18698 | D:15     | Reached skill level 10 in Armour
 18704 | D:15     | HP: 2/111 [Agnes/lajatang of pain (5)]
 18704 | D:15     | Demolished by Agnes

Skill      XL: |  1  2  3  4  5  6  7  8  9 10 11 12 13 14 |
---------------+-------------------------------------------+-----
Short Blades   | 1 2 3 4 5 6 7 8 |  8.8
Long Blades    | 1 2 3 4 5 6 7 8 |  8.8
Maces & Flails | 1 2 3 4 5 6 7 8 |  8.8
Polearms       | 1 2 3 4 5 6 7 8 |  8.8
Staves         | 1 2 3 4 5 6 7 8 |  8.8
Slings         | 1 2 3 4 5 6 7 8 |  8.8
Bows           | 1 2 3 4 5 6 7 8 |  8.8
Crossbows      | 1 2 3 4 5 6 7 8 |  8.8
Throwing       | 1 2 3 4 5 6 7 8 |  8.8
Dodging        | 3 4 5 6 7 8 9 |  9.2
Stealth        | 1 2 3 4 5 6 7 8 |  8.8
Shields        | 1 2 3 4 5 6 7 8 |  8.8
Unarmed Combat | 1 2 3 4 5 6 7 8 |  8.8
Spellcasting   | 1 2 3 4 5 6 7 8 |  8.8
Conjurations   | 1 2 3 4 5 6 7 |  7.3
Hexes          | 1 2 3 4 5 6 7 |  7.3
Charms         | 1 2 3 4 5 6 7 |  7.3
Summonings     | 1 2 3 4 5 6 7 |  7.3
Necromancy     | 1 2 3 4 5 6 7 |  7.3
Translocations | 1 2 3 4 5 6 7 |  7.3
Transmutations | 1 2 3 4 5 6 7 |  7.3
Fire Magic     | 1 2 3 4 5 6 7 |  7.3
Ice Magic      | 1 2 3 4 5 6 7 |  7.3
Air Magic      | 1 2 3 4 5 6 7 |  7.3
Earth Magic    | 1 2 3 4 5 6 7 |  7.3
Poison Magic   | 1 2 3 4 5 6 7 |  7.3
Evocations     | 1 2 3 4 5 6 7 8 |  8.8
Invocations    | 5 6 7 8 9 10 | 10.6
Axes           | 5 6 7 8 9 10 | 10.0
Armour         | 5 6 7 8 9 10 | 10.0
Fighting       | 7 8 9 10 | 10.9

Action                   |  1- 3 |  4- 6 |  7- 9 | 10-12 | 13-15 || total
-------------------------+-------+-------+-------+-------+-------++-------
Melee: Lajatang          |    95 |   150 |   245 |       |       ||   490
       Bite              |     5 |    15 |    50 |   111 |    51 ||   232
       Short sword       |       |       |    92 |   615 |   295 ||  1002
       Punch             |       |       |     2 |     5 |       ||     7
Invok: Depart the Abyss  |     1 |       |       |       |       ||     1
Evoke: Wand              |       |       |     8 |     8 |    18 ||    34
  Use: Scroll            |     5 |     1 |       |     1 |     2 ||     9
       Potion            |     3 |       |     8 |     1 |     2 ||    14
 Stab: Distracted        |     1 |       |       |     4 |     1 ||     6
       Sleeping          |       |     5 |     8 |    23 |     9 ||    45
       Paralysed         |       |       |     6 |     2 |     3 ||    11
  Eat: Ration            |     1 |       |     3 |     2 |     1 ||     7
       Chunk             |       |     6 |     6 |    13 |    11 ||    36
Armor: Leather armour    |    35 |    30 |       |       |       ||    65
       Scale mail        |       |    14 |   115 |   113 |    52 ||   294
Dodge: Dodged            |    83 |   124 |   244 |   259 |   124 ||   834
Block: Buckler           |       |       |       |   162 |   120 ||   282
       Reflection        |       |       |       |     8 |    17 ||    25
